 Dungeon Crawl Stone Soup version 0.26.1-11-gd32895ea62 (webtiles) character file.

Game seed: 1893568870092573358

2450 doggie the Skirmisher (level 9, -2/74 HPs)
             Began as a Gnoll Wanderer on June 22, 2021.
             Was a Follower of Cheibriados.
             Shot with an arrow by a centaur (3 damage)
             ... on level 7 of the Dungeon.
             The game lasted 00:13:08 (8226 turns).

doggie the Skirmisher (Gnoll Wanderer)              Turns: 8226, Time: 00:13:08

Health: -2/74      AC:  9    Str: 17    XL:     9   Next: 50%
Magic:  5/5        EV: 15    Int: 17    God:    Cheibriados [*.....]
Gold:   432        SH:  0    Dex: 19    Spells: 16/16 levels left

rFire    . . .     SeeInvis .   r - +8 Wrath of Trog {antimagic, *Rage}
rCold    . . .     Faith    .   (shield currently unavailable)
rNeg     . . .     Spirit   .   o - +2 troll leather armour {Purgy}
rPois    .         Reflect  .   s - +1 hat
rElec    .         Harm     .   p - +0 cloak
rCorr    .         Rampage  .   (no gloves)
Will     .....     Rnd*Rage +   (no boots)
Stlth    +++.......             (no amulet)
HPRegen  0.62/turn              (no ring)
MPRegen  0.09/turn              (no ring)

@: marked, berserk cooldown, slowed, very slow
A: distributed training, fangs 1, strong nose
a: Renounce Religion, Bend Time


You were on level 7 of the Dungeon.
You worshipped Cheibriados.
Cheibriados was aware of your devotion.
You visited 2 branches of the dungeon, and saw 8 of its levels.
You also visited: Sewer and Ossuary.

You collected 432 gold pieces.

Inventory:

Hand Weapons
 n - a +2 dagger of draining
 r - the +8 Wrath of Trog (weapon) {antimagic, *Rage}
   (You found it on level 4 of the Dungeon)

   It reduces the magical energy of the wielder, and disrupts the spells and
   magical abilities of those hit.
   Natural abilities and divine invocations are not affected.
   It may make you go berserk in combat.
Missiles
 h - 12 poisoned darts (quivered)
Armour
 j - a +0 helmet
 o - a +2 troll leather armour (worn) {Purgy}
 p - a +0 cloak (worn)
 s - a +1 hat (worn)
Jewellery
 a - an uncursed ring of ice
 b - a cursed amulet of inaccuracy {unknown}
 m - a cursed ring of teleportation {unknown}
Wands
 l - a wand of enslavement (9)
Scrolls
 f - 7 scrolls of fear
 g - 12 scrolls of teleportation
 i - 5 scrolls of remove curse
 q - 2 scrolls of amnesia
 t - a scroll of summoning
 y - 2 scrolls of random uselessness
 A - a scroll of identify
Potions
 c - 3 potions of curing
 d - 3 potions of magic
 e - 2 potions of attraction
 k - 7 potions of might
 u - 2 potions of lignification
 v - a potion of haste {unknown}
 w - a potion of ambrosia {unknown}
 x - 2 potions of heal wounds {unknown}
 z - a potion of flight


   Skills:
 + Level 7.9 Fighting
 + Level 5.1 Short Blades
 + Level 4.3 Long Blades
 + Level 5.1 Axes
 + Level 4.3 Maces & Flails
 + Level 4.3 Polearms
 + Level 4.3 Staves
 + Level 4.3 Slings
 + Level 4.3 Bows
 + Level 4.3 Crossbows
 + Level 5.1 Throwing
 + Level 6.3 Armour
 + Level 4.3 Dodging
 + Level 5.0 Stealth
 + Level 4.3 Shields
 + Level 4.3 Unarmed Combat
 + Level 4.3 Spellcasting
 + Level 3.5 Conjurations
 + Level 3.5 Hexes
 + Level 3.5 Summonings
 + Level 3.5 Necromancy
 + Level 3.5 Translocations
 + Level 3.5 Transmutations
 + Level 3.5 Fire Magic
 + Level 3.5 Ice Magic
 + Level 3.5 Air Magic
 + Level 3.5 Earth Magic
 + Level 3.5 Poison Magic
 + Level 4.7 Invocations
 + Level 5.1 Evocations


You had 16 spell levels left.
You didn't know any spells.
Your spell library contained the following spells:

 Spells                   Type           Power        Failure   Level
 Corona                   Hex            16%          4%          1
 Ensorcelled Hibernation  Hex/Ice        30%          6%          2
 Confusing Touch          Hex            15%          13%         3
 Dazzling Flash           Conj/Hex       30%          13%         3
 Tukima's Dance           Hex            15%          13%         3


Dungeon Overview and Level Annotations

Branches:
Dungeon (7/15)             Temple (1/1) D:5           Sewer (visited)
Ossuary (visited)

Altars:
Ashenzari
Cheibriados
Dithmenos
Fedhas
Gozag
Hepliaklqana
Kikubaaqudgha
Makhleb
Okawaru
Qazlal
Trog
Uskayaw
Vehumet
Xom
Yredelemnul
Zin

Annotations:
D:7 Joseph


Innate Abilities, Weirdness & Mutations

Your experience applies equally to all skills.
You have very sharp teeth.
Your uncanny sense of smell can sniff out nearby items.


Message History

The centaur shoots an arrow.
The arrow barely misses you.
You see here an arrow.
You see here an arrow.
You feel your anger nearly subside.
You are no longer berserk.
You are exhausted.
You feel yourself slow down.
The centaur shoots an arrow.
The arrow closely misses you.
The centaur shoots an arrow.
The arrow hits you!
* * * LOW HITPOINT WARNING * * *
x2 You see here 2 arrows.
The centaur shoots an arrow.
The arrow misses you.
Joseph hits you with a cursed -3 quarterstaff.
* * * LOW HITPOINT WARNING * * *
The centaur shoots an arrow.
The arrow completely misses you.
There is a stone staircase leading up, spattered with blood here.
You see here 2 arrows.
The centaur shoots an arrow.
The arrow hits you.
* * * LOW HITPOINT WARNING * * *
x2 Joseph hits you but does no damage.
The centaur shoots an arrow.
The arrow hits you.
You die...

.. .. ..
.# .# .#
###.#
#.@.#
#.@##
##.(.####
#..((...+
##.(.####
#.)##
#.## #.
c. .##


You could see Joseph and a centaur.

Vanquished Creatures
  A steam dragon (D:5)
  Menkaure (Ossuary)
  Purgy (D:4)
  A black bear (D:6)
  2 ice beasts
  A sky beast (D:6)
  2 ogres
  2 phantoms (D:4)
  3 centaurs
  A bullfrog (D:6)
  2 scorpions
  2 troll zombies (Ossuary)
  A howler monkey (D:2)
  2 centaur zombies (Ossuary)
  2 jellies
  4 orc priests
  2 orc wizards
  A bullfrog skeleton (D:5)
  2 worker ants
  An ogre zombie (Ossuary)
  A hound skeleton (D:6)
  6 mummies (Ossuary)
  A worker ant zombie (D:6)
  7 gnolls
  9 adders
  5 river rats
  A shadow imp (D:5)
  2 white imps (D:6)
  2 adder skeletons
  A worm (D:3)
  A dart slug (D:1)
  2 leopard geckos
  19 orcs
  8 bats
  6 giant cockroaches
  4 goblins
  9 hobgoblins
  3 jackals (D:6)
  8 kobolds
  2 quokkas
  6 ball pythons
  13 frilled lizards
  4 goblin zombies (Ossuary)
  3 hobgoblin zombies (Ossuary)
  A leopard gecko zombie (D:5)
  3 quokka zombies (Ossuary)
  19 rats
  2 rat zombies (Ossuary)
182 creatures vanquished.

Vanquished Creatures (others)
  A white imp (D:7)
1 creature vanquished.

Grand Total: 183 creatures vanquished

Notes
Turn   | Place    | Note
-------+----------+-------------------------------------------
     0 | D:1      | doggie the Gnoll Wanderer began the quest for the Orb.
     0 | D:1      | doggie set off with the following items: a +0 short sword,
                  | a +2 scale mail, a potion of curing
     0 | D:1      | Reached XP level 1. HP: 23/23 MP: 1/1
    52 | D:1      | Reached XP level 2. HP: 29/29 MP: 2/2
   581 | D:1      | Reached XP level 3. HP: 35/35 MP: 3/3
  1124 | D:2      | Reached skill level 1 in Long Blades
  1124 | D:2      | Reached skill level 1 in Maces & Flails
  1124 | D:2      | Reached skill level 1 in Polearms
  1124 | D:2      | Reached skill level 1 in Staves
  1124 | D:2      | Reached skill level 1 in Slings
  1124 | D:2      | Reached skill level 1 in Bows
  1124 | D:2      | Reached skill level 1 in Crossbows
  1124 | D:2      | Reached skill level 1 in Dodging
  1124 | D:2      | Reached skill level 1 in Shields
  1124 | D:2      | Reached skill level 1 in Unarmed Combat
  1124 | D:2      | Reached skill level 1 in Spellcasting
  1124 | D:2      | Reached skill level 1 in Invocations
  1262 | D:2      | Reached XP level 4. HP: 41/41 MP: 5/5
  1302 | D:2      | Found a shadowy altar of Dithmenos.
  1472 | D:2      | Reached skill level 1 in Conjurations
  1472 | D:2      | Reached skill level 1 in Hexes
  1472 | D:2      | Reached skill level 1 in Summonings
  1472 | D:2      | Reached skill level 1 in Necromancy
  1472 | D:2      | Reached skill level 1 in Translocations
  1472 | D:2      | Reached skill level 1 in Transmutations
  1472 | D:2      | Reached skill level 1 in Fire Magic
  1472 | D:2      | Reached skill level 1 in Ice Magic
  1472 | D:2      | Reached skill level 1 in Air Magic
  1472 | D:2      | Reached skill level 1 in Earth Magic
  1472 | D:2      | Reached skill level 1 in Poison Magic
  1472 | D:2      | Reached XP level 5. HP: 39/47 MP: 5/7
  1865 | D:2      | Found a stormy altar of Qazlal.
  2388 | D:3      | Found a glowing drain.
  2403 | Sewer    | Entered a sewer
  2500 | Sewer    | Reached XP level 6. HP: 45/53 MP: 8/8
  3123 | D:3      | Reached skill level 5 in Armour
  3898 | D:4      | Noticed a phantom
  3945 | D:4      | Reached XP level 7. HP: 45/52 MP: 10/10
  3999 | D:4      | Noticed Purgy
  4015 | D:4      | Killed Purgy
  4016 | D:4      | Reached skill level 7 in Fighting
  4875 | D:4      | Found the +8 Wrath of Trog {antimagic, *Rage}
  5644 | D:5      | Entered Level 5 of the Dungeon
  5704 | D:5      | Reached XP level 8. HP: 67/67 MP: 4/12
  5749 | D:5      | Found a staircase to the Ecumenical Temple.
  6055 | D:5      | Found a sand-covered staircase.
  6182 | Ossuary  | Entered an ossuary
  6385 | Ossuary  | Noticed Menkaure
  6393 | Ossuary  | Killed Menkaure
  7144 | D:6      | Reached XP level 9. HP: 73/73 MP: 14/14
  7241 | Temple   | Entered the Ecumenical Temple
  7587 | Temple   | Became a worshipper of Cheibriados the Contemplative
  7745 | D:6      | Reached * piety under Cheibriados
  7746 | D:6      | Reached skill level 5 in Short Blades
  7746 | D:6      | Reached skill level 5 in Axes
  7746 | D:6      | Reached skill level 5 in Throwing
  7746 | D:6      | Reached skill level 5 in Evocations
  7755 | D:6      | Found a shadowy altar of Dithmenos.
  8114 | D:6      | Found a hide-covered altar of Uskayaw.
  8221 | D:7      | Reached skill level 5 in Stealth
  8222 | D:7      | Noticed Joseph
  8226 | D:7      | HP: 3/74 [centaur/arrow (4)]
  8226 | D:7      | HP: 1/74 [centaur/arrow (2)]
  8226 | D:7      | Shot with an arrow by a centaur

Illustrated notes

Levels and vault maps discovered:
D:1:      scummos_arrival_simple_crosswalls, layout_basic, st_stairs_6
D:2:      layout_basic, grunt_dithmenos_smoke_and_mirrors,
          overflow_temple_1_default
D:3:      layout_loops_ring, portal_sewer_entry_a
D:4:      layout_layer_cave, item_on_display_a, uniq_purgy
D:5:      layout_basic, minmay_temple_entry_statues_pillars, serial_curves,
          eino_curves_03, eino_curves_02, nicolae_ossuary_entry_false_entrances
D:6:      layout_rooms, lemuel_round_altar, minmay_ruined_shrine
D:7:      cheibrodos_shockbox, layout_loops_corners, uniq_joseph
Temple:   oiseaux_autumnal_temple

Skill      XL: |  1  2  3  4  5  6  7  8  9 |
---------------+----------------------------+-----
Long Blades    | 1 2 3 4 |  4.3
Maces & Flails | 1 2 3 4 |  4.3
Polearms       | 1 2 3 4 |  4.3
Staves         | 1 2 3 4 |  4.3
Slings         | 1 2 3 4 |  4.3
Bows           | 1 2 3 4 |  4.3
Crossbows      | 1 2 3 4 |  4.3
Dodging        | 1 2 3 4 |  4.3
Shields        | 1 2 3 4 |  4.3
Unarmed Combat | 1 2 3 4 |  4.3
Spellcasting   | 1 2 3 4 |  4.3
Invocations    | 1 2 3 4 |  4.7
Conjurations   | 1 2 3 |  3.5
Hexes          | 1 2 3 |  3.5
Summonings     | 1 2 3 |  3.5
Necromancy     | 1 2 3 |  3.5
Translocations | 1 2 3 |  3.5
Transmutations | 1 2 3 |  3.5
Fire Magic     | 1 2 3 |  3.5
Ice Magic      | 1 2 3 |  3.5
Air Magic      | 1 2 3 |  3.5
Earth Magic    | 1 2 3 |  3.5
Poison Magic   | 1 2 3 |  3.5
Short Blades   | 3 4 5 |  5.1
Axes           | 3 4 5 |  5.1
Throwing       | 3 4 5 |  5.1
Evocations     | 3 4 5 |  5.1
Stealth        | 3 4 5 |  5.0
Armour         | 5 6 |  6.3
Fighting       | 7 |  7.9

Action                   |  1- 3 |  4- 6 |  7- 9 || total
-------------------------+-------+-------+-------++-------
Melee: Short sword       |    92 |   263 |       ||   355
       Bite              |    10 |    31 |    46 ||    87
       Punch             |       |     6 |     8 ||    14
       Dagger            |       |    49 |   221 ||   270
       Battleaxe         |       |       |    84 ||    84
Throw: Dart              |     3 |    41 |     7 ||    51
  Use: Scroll            |     1 |     3 |    12 ||    16
 Stab: Sleeping          |       |       |    10 ||    10
Armor: Scale mail        |    70 |   131 |    15 ||   216
       Troll leather arm |       |       |    72 ||    72
Dodge: Dodged            |    59 |   144 |   190 ||   393
